Unix NetHack Version 5.0.0-0 post-release - last build Jun 10 2026 00:39:30 (3ee93aec679c4c4259841fe613dc97188e26a321,branch:main).

Game began 2026-07-01 01:13:01, ended 2026-07-01 01:48:27.

Kwijibo4686, neutral female human Valkyrie

                                              -- ---                       ----
                                             --.--.---                     |..|
    ----- ------------------------           |.......|                   ---..|
    |...---......................----------- |.......|                   |...--
    |....|.....---.------------.)..........-  .......--                ---.m.|
    |.|..--.|........|.------..`......-      - -.q....---              |...|.|
    |.|)..--|...........|.............--     . |........|----          |.--|.|
    |.|....|---.................)...)..----- -.|-.......--..|          |.| |.|
    |.|-.---  |)...................))....|.--|.---.B.......-           |.| |.|
    |.|---    |........).......[(.).........--..--.@.......|---        #^| |.--
    |.|      --)..............................-.(.e---.....--.---------#.| |..|
    |.| ------...................|................-- |...................--|..|
    |.| |.............--........---.>.............|  ----.........-----...|----
    |.|--^......----.------..---- --.......(...|.--     --....--..|   |-.-|
    |.--.<.^...--  ---    |..|     ---.|..---..|..       --...|----   |...|
    |....-.....|          |..|       ------ -------       |..--       |..--
  ---..--......|          ----                            ----        ----
  |...--|......-
  |.--- --......
  ---    --.--.-
          ------
Kwijibo4686 the Fighter     St:14 Dx:14 Co:18 In:13 Wi:9 Ch:9  Neutral
Dlvl:10 $:48 HP:0(79) Pw:20(20) AC:-5 Xp:8 T:5210  Burdened Blind

Latest messages:
 The raven just misses!
 The raven bites!
 The raven misses!
 The raven bites!
 The raven bites!
 The raven bites!
 The raven misses!
 The raven bites!
 The raven misses!
 The raven bites!
 The raven bites!
 The raven misses!
 The raven bites!
 The raven just misses!
 The raven bites!
 The raven misses!
 The raven bites!
 The raven bites!
 The raven bites!
 The raven bites!
 The raven bites!
 The raven just misses!
 The raven misses!
 The raven bites!
 The raven bites!
 The raven bites!
 The raven bites!
 The raven bites!
 The raven bites!
 The raven bites!
 The raven bites!
 The raven bites!
 The raven bites!
 The raven bites!
 The raven bites!
 The raven just misses!
 The raven bites!
 The raven bites!
 The raven bites!
 The raven misses!
 The raven misses!
 The raven bites!
 The raven bites!
 The raven bites!
 You die...
 Do you want your possessions identified? [ynq] (y) y
 Do you want to see your attributes? [ynq] (y) y
 Do you want an account of creatures vanquished? [ynaq] (y) y
 Do you want to see your conduct and achievements? [ynq] (y) y
 Do you want to see the dungeon overview? [ynq] (y) y

Inventory:
 Coins    ('$')
  $ - 48 gold pieces
 Weapons  (')')
  a - a corroded +1 spear (weapon in right hand)
 Armor    ('[')
  w - a blessed +1 dwarvish iron helm (being worn)
  z - an uncursed +0 pair of iron shoes (being worn)
  c - an uncursed +3 small shield (being worn)
  R - an uncursed +0 dwarvish mithril-coat (being worn)
 Comestibles  ('%')
  U - an uncursed partly eaten food ration
  Z - 2 uncursed food rations
  r - an uncursed tin of stir fried dwarf meat
 Scrolls  ('?')
  J - an uncursed scroll of blank paper
  A - a cursed scroll of blank paper
  G - an uncursed scroll of enchant armor
  k - a cursed scroll of enchant armor
  p - a blessed scroll of enchant weapon
  K - 2 uncursed scrolls of identify
  q - an uncursed scroll of remove curse
  e - an uncursed scroll of stinking cloud
  d - an uncursed scroll of taming
  f - 3 uncursed scrolls of teleportation
  b - a cursed scroll of teleportation
 Potions  ('!')
  o - an uncursed potion of acid
  E - an uncursed potion of booze
  l - an uncursed potion of fruit juice
  H - an uncursed potion of gain energy
  Y - an uncursed potion of gain level
  M - an uncursed potion of hallucination
  C - an uncursed potion of healing
  W - an uncursed potion of invisibility
  n - an uncursed potion of paralysis
  i - an uncursed potion of sleeping
  t - a potion of holy water
 Rings    ('=')
  Q - a cursed ring of cold resistance
  s - an uncursed +3 ring of gain strength
 Wands    ('/')
  D - a wand of fire (0:5)
  T - a wand of lightning (0:8)
  v - a wand of magic missile (0:4)
  m - a wand of stasis (0:3)
 Tools    ('(')
  B - an empty uncursed oilskin sack
  I - an uncursed blindfold
  y - a magic marker (0:65)
  g - an uncursed oil lamp
  u - a +0 pick-axe
  h - an uncursed skeleton key
  S - an uncursed stethoscope
  V - an uncursed tallow candle
  F - 2 cursed tallow candles
 Gems/Stones  ('*')
  x - an uncursed luckstone

Kwijibo4686 the Valkyrie's attributes:

Background:
 You were a Fighter, a level 8 human Valkyrie.
 You were neutral, on a mission for Odin
 who was opposed by Tyr (lawful) and Loki (chaotic).
 You were right-handed.
 You were in the Gnomish Mines, on level 10.
 You entered the dungeon 5210 turns ago.
 It was nighttime.
 There was a full moon in effect when your adventure ended.
 You had 1639 experience points, 921 more were needed to attain level 9.

Basics:
 You had 0 out of 79 hit points.
 You had all 20 energy points (spell power).
 Your armor class was -5.
 Your wallet contained 48 zorkmids.
 Autopickup was on for '$?!/="' plus thrown.

Final Characteristics:
 Your strength was 14 (limit:18/100).
 Your dexterity was 14 (limit:18).
 Your constitution was 18 (limit:18).
 Your intelligence was 13 (limit:18).
 Your wisdom was 9 (limit:18).
 Your charisma was 9 (limit:18).

Final Status:
 You were temporarily blind.
 You weren't hungry.
 You were burdened; movement was slightly slowed.
 You were wielding a spear.
 You had expert skill with spear.

Final Attributes:
 You were piously aligned.
 You were cold resistant.
 You were telepathic.
 You were stealthy.
 You were guarded.
 You were fast.
 You were lucky.
 You had extra luck.
 Bad luck did not time out for you.
 Good luck did not time out for you.
 You are dead.

Miscellaneous:
 You didn't encounter any bones levels.
 Total elapsed playing time was 35 minutes and 26 seconds.

Major events:
 Turn
    1: Kwijibo4686 the neutral human Valkyrie entered the dungeon
  588: attained the rank of Skirmisher (level 3)
  688: entered the Gnomish Mines
 2424: attained the rank of Fighter (level 6)
 3416: reached Mine Town
 5210: killed by a raven, while frozen by a floating eye's gaze

You didn't know any spells.

Skills:
 Fighting Skills
   bare handed combat [Unskilled]
   two weapon combat  [Unskilled]
   riding             [Unskilled]
 Weapon Skills
   dagger             [Basic]
   axe                [Unskilled]
   pick-axe           [Unskilled]
   short sword        [Unskilled]
   broadsword         [Unskilled]
   long sword         [Unskilled]
   two-handed sword   [Unskilled]
   saber              [Unskilled]
   hammer             [Unskilled]
   quarterstaff       [Unskilled]
   polearms           [Unskilled]
   spear              [Expert]
   trident            [Unskilled]
   lance              [Unskilled]
   sling              [Unskilled]
 Spellcasting Skills
   attack spells      [Unskilled]
   escape spells      [Unskilled]

Voluntary challenges:
 Character rerolling was not enabled.
 You were illiterate.
 You never genocided any monsters.
 You never polymorphed an object.
 You never changed form.
 You used no wishes.
Achievements:
 You attained the rank of Skirmisher.
 You entered the Gnomish Mines.
 You attained the rank of Fighter.
 You entered Minetown.
 You entered a shop.
 You entered a temple.

 The Dungeons of Doom: levels 1 to 3
    Level 1:
    Level 2:
       A fountain.
       Stairs down to The Gnomish Mines.
    Level 3:
 The Gnomish Mines: levels 3 to 10
    Level 3:
    Level 4:
    Level 5:
    Level 6:
       Many shops, a temple and an altar, some fountains.
    Level 7:
    Level 8:
    Level 9:
    Level 10: <- You were here.
       Final resting place for
          you, killed by a raven, while frozen by a floating eye's gaze.


Vanquished creatures:
  a giant beetle
  a panther
  2 giant spiders
  a gnome ruler
  a dwarf mummy
  4 ogres
  a dwarf leader
  a raven
  2 soldier ants
  a bugbear
 an orc shaman
  a fog cloud
  a violet fungus
 15 gnome leaders
  4 gnomish wizards
  a ghoul
  a giant ant
  a floating eye
 16 dwarves
  2 giant bats
  3 orc zombies
  3 iguanas
  3 acid blobs
  2 coyotes
  a gas spore
  6 hobbits
  7 manes
  a hobgoblin
  a giant rat
  2 brown molds
  a yellow mold
  a green mold
 59 gnomes
  a gecko
  a goblin
  a sewer rat
  8 grid bugs
  a bat
 10 lichens
  a kobold zombie
  5 newts
176 creatures vanquished.

No species were genocided or became extinct.

Game over:
                       ----------
                      /          \
                     /    REST    \
                    /      IN      \
                   /     PEACE      \
                  /                  \
                  |   Kwijibo4686    |
                  |      48 Au       |
                  |   killed by a    |
                  |      raven       |
                  |                  |
                  |                  |
                  |       2026       |
                 *|     *  *  *      | *
        _________)/\\_//(\/(/\)/\//\/|_)_______

Farvel Kwijibo4686 the Valkyrie...

You died in The Gnomish Mines on dungeon level 10 with 7050 points,
and 48 pieces of gold, after 5210 moves.
You were level 8 with a maximum of 79 hit points when you died.

